 Dungeon Crawl Stone Soup version 0.30-a0-672-gc3a7216ad8 (webtiles) character file.

Game seed: 11818925727326333669

200 Leeroy the Magician (level 6, -3/43 HPs)
             Began as a Djinni Warper on Jan 18, 2023.
             Was a Follower of Uskayaw.
             Slain by a kobold brigand
             ... wielding a +0 dagger
              (6 damage)
             ... on level 4 of the Dungeon.
             The game lasted 00:02:33 (2442 turns).

Leeroy the Magician (Djinni Warper)                 Turns: 2442, Time: 00:02:34

Health: -3/43      AC:  6    Str: 10    XL:     6   Next: 6%
Gold:   164        EV: 17    Int: 16    God:    Uskayaw [*.....] SH:  0 Dex: 15

rFire   + + .      SeeInvis .    j - +0 long sword
rCold   x . .      Faith    .    (no shield)
rNeg    . . .      Spirit   .    b - +0 leather armour
rPois   ∞          Reflect  .    r - +2 hat
rElec   .          Harm     .    (no cloak)
rCorr   .          Rampage  .    l - +0 pair of gloves
Will    .....                    (boots unavailable)
Stlth   +                        e - amulet of the acrobat
HPRegen 0.27/turn                k - ring of Mavexeul {EV+5 Int+2}
MPRegen 0.00/turn                (no ring)

@: flying
A: sickness immunity, fire resistance 2, cold vulnerability 1, float, innate
caster, HP casting, extra vitality 1
a: Renounce Religion, Stomp


You were on level 4 of the Dungeon.
You worshipped Uskayaw.
Uskayaw was noncommittal.
You visited 2 branches of the dungeon, and saw 5 of its levels.

You collected 164 gold pieces.

Inventory:

Hand Weapons
 a - a +0 falchion
 j - a +0 long sword (weapon)
Missiles
 d - 7 boomerangs of dispersal (quivered)
 x - a throwing net
Armour
 b - a +0 leather armour (worn)
 l - a +0 pair of gloves (worn)
 m - a +0 pair of gloves
 r - a +2 hat (worn)
Jewellery
 e - an amulet of the acrobat (around neck)
 k - the ring of Mavexeul (left hand) {EV+5 Int+2}
   (You found it on level 2 of the Dungeon)

   [ring of evasion]

   EV:        It affects your evasion (+5).
   Int:       It affects your intelligence (+2).
 w - a ring of protection from cold
Scrolls
 c - 3 scrolls of blinking
 g - 2 scrolls of identify {unknown}
 h - 2 scrolls of noise {unknown}
 n - a scroll of fog {unknown}
 p - 2 scrolls of teleportation {unknown}
Potions
 f - a potion of brilliance {unknown}
 i - a potion of cancellation {unknown}
 o - 2 potions of flight {unknown}
 q - a potion of lignification {unknown}
 s - 2 potions of magic {unknown}
 t - a potion of heal wounds {unknown}
 u - a potion of attraction {unknown}
 v - a potion of curing {unknown}


   Skills:
 - Level 2.0 Fighting
 - Level 1.7 Long Blades
 - Level 0.7 Throwing
 - Level 1.0 Armour
 - Level 2.1 Dodging
 + Level 4.8 Spellcasting


You couldn't memorise any spells.
You knew the following spells:

 Your Spells              Type           Power      Damage    Failure   Level
a - Blink                 Tloc           38%        N/A       4%          2
b - Lesser Beckoning      Tloc           38%        N/A       4%          2
c - Vhi's Electric Charg  Tloc/Air       38%        N/A       9%          3
d - Teleport Other        Tloc           19%        N/A       9%          3
e - Manifold Assault      Tloc           19%        N/A       28%         4
f - Beastly Appendage     Tmut           38%        N/A       2%          1
g - Ensorcelled Hibernat  Hex/Ice        38%        N/A       4%          2
Your spell library was empty.

Dungeon Overview and Level Annotations

Branches:
Dungeon (4/15)             Temple (1/1) D:4

Altars:
Ashenzari
Dithmenos
Fedhas
Hepliaklqana
Makhleb
Nemelex Xobeh
Ru
Uskayaw
Xom
Zin

Shops:
D:1 !

Annotations:
D:3 Pargi


Innate Abilities, Weirdness & Mutations

You are immune to sickness and miasma.
You are immune to poison.
Your flesh is very heat resistant. (rF++)
You are vulnerable to cold. (rC-)
You float through the air rather than walking.
You learn spells naturally, not from books.
Your magical power is your life essence.
You have superior vitality. (+4 MHP)


Message History

The rat barely misses you.
The kobold hits the bush but does no damage.
The kobold hits you but does no damage. The kobold attacks as you move away!
The kobold hits you but does no damage. The rat completely misses you.
The rat twitches its whiskers.
The rat misses you.
Okay, then.
The rat attacks as you move away! The rat misses you.
You feel stable enough to blink again. The rat attacks as you move away!
The rat completely misses you. x2
The rat bites you but does no damage. The rat attacks as you move away!
The rat closely misses you.
The rat bites the plant.
The plant begins to die.
The kobold hits the plant with a +0 short sword.
The rat attacks as you move away! The rat closely misses you.
The rat bites the plant.
The kobold hits the plant with a +0 short sword.
Okay, then.
You slash the rat!
You kill the rat!
The rat bites the plant.
The kobold hits the plant with a +0 short sword.
You slash the rat!
You kill the rat!
The rat bites the plant.
The kobold hits the plant with a +0 short sword.
You closely miss the kobold brigand.
The kobold brigand is severely wounded.
A nearby plant withers and dies.
The kobold brigand hits you with a +0 dagger.
* * * LOW HITPOINT WARNING * * *
The rat bites the bush.
The kobold brigand hits you with a +0 dagger!
* * * LOW HITPOINT WARNING * * *
You closely miss the kobold brigand.
The kobold brigand is severely wounded.
The rat bites the bush but does no damage.
The kobold brigand hits you with a +0 dagger.
You die...

#####.###.#### #.# ###
#.# #####.##### ♣♣♣ ♣
#.........#
#♣PP#.####........####
#PP#.#P#♣#............
♣PP....P##(.(.....####
♣P...@PP##........#
♣PP###KP##........#
♣PP.KKrP♣##.#######
#♣#$..K.#♣ #.#
#P.......###.#
#♣...§...P##.#
♣......~♣##.#
♣#....÷P♣ #.# #P...PP♣
#.#


You could see a kobold brigand, 3 kobolds and a rat.

Vanquished Creatures
  A scorpion (D:4)
  2 iguanas (D:4)
  An orc wizard (D:4)
  An adder (D:3)
  A worm (D:3)
  5 orcs (D:4)
  4 ball pythons
  2 endoplasms
  4 giant cockroaches
  4 hobgoblins
  2 jackals (D:2)
  2 quokkas
  A bat (D:2)
  5 frilled lizards
  5 goblins
  5 kobolds
  5 rats
50 creatures vanquished.

Vanquished Creatures (others)
  5 plants (D:4)
5 creatures vanquished.

Grand Total: 55 creatures vanquished

Notes
Turn   | Place    | Note
-------+----------+-------------------------------------------
     0 | D:1      | Leeroy the Djinni Warper began the quest for the Orb.
     0 | D:1      | Leeroy set off with the following spells memorised: Blink,
                  | Lesser Beckoning, Vhi's Electric Charge, Teleport Other,
                  | Manifold Assault.
     0 | D:1      | Reached XP level 1. HP: 18/18 MP: 0/0
    11 | D:1      | Found Babliagu's Distillery.
   108 | D:1      | Reached XP level 2. HP: 23/23 MP: 0/0
   357 | D:1      | Reached skill level 3 in Spellcasting
   547 | D:2      | Reached XP level 3. HP: 28/28 MP: 0/0
   547 | D:2      | Learned a level 1 spell: Beastly Appendage
   556 | D:2      | Identified the ring of Mavexeul {EV+5 Int+2}
   596 | D:2      | Found a faded altar of an unknown god.
  1600 | D:3      | Reached XP level 4. HP: 23/33 MP: 0/0
  1684 | D:3      | Noticed Pargi
  1747 | D:4      | Noticed a scorpion
  1758 | D:4      | Reached skill level 4 in Spellcasting
  1758 | D:4      | Reached XP level 5. HP: 21/38 MP: 0/0
  1758 | D:4      | Learned a level 2 spell: Ensorcelled Hibernation
  1789 | D:4      | Reached XP level 6. HP: 8/43 MP: 0/0
  1927 | D:4      | Found a glowing silver altar of Zin.
  2240 | D:4      | Found a staircase to the Ecumenical Temple.
  2251 | Temple   | Entered the Ecumenical Temple
  2302 | Temple   | Became a worshipper of Uskayaw the Reveller
  2425 | D:4      | Reached * piety under Uskayaw
  2442 | D:4      | Slain by a kobold brigand

Illustrated notes

Levels and vault maps discovered:
D:1:      dpeg_arrival_tiny_d, layout_rooms, serial_shops, shop,
          chequers_serial_rivers_room_b, serial_bayou_ford_a
D:2:      layout_basic, ebering_ecumenical_altar_abandoned
D:3:      layout_rooms, saegor_snake_ambush, uniq_pargi
D:4:      layout_rooms, zin_statuary, temple_fountains, lexackson_kobold_supper
Temple:   nicolae_temple_ecumenical_triangle

Skill      XL: |  1  2  3  4 |
---------------+-------------+-----
Spellcasting   | 3 4 |  4.8
Fighting       | |  2.0
Long Blades    | |  1.7
Throwing       | |  0.7
Armour         | |  1.0
Dodging        | |  2.1

Action                   |  1- 3 |  4- 6 || total
-------------------------+-------+-------++-------
Melee: Falchion          |    40 |       ||    40
       Long sword        |    58 |    89 ||   147
       Headbutt          |       |     3 ||     3
       Punch             |       |     1 ||     1
 Cast: Beastly Appendage |       |     1 ||     1
       Blink             |       |     1 ||     1
Armor: Leather armour    |    26 |    15 ||    41
Dodge: Dodged            |    82 |    87 ||   169

Table legend: (Time is in decaauts)
 A = Elapsed time spent in this place.
 B = Non-inter-level travel time spent in this place.
 C = Inter-level travel time spent in this place.
 D = Time resting spent in this place.
 E = Time spent auto-exploring this place.
 F = Levels seen in this place.
 G = Mean time per level.
                   A        B        C        D        E       F      G
               +--------+--------+--------+--------+--------+-----+--------+
         Total |   2495 |   2447 |     48 |      0 |   1954 |   5 |  499.0 |
       Dungeon |   2434 |   2394 |     40 |      0 |   1919 |   4 |  608.5 |
        Temple |     60 |     52 |      8 |      0 |     35 |   1 |   60.0 |
               +--------+--------+--------+--------+--------+-----+--------+

Top non-repeatable levels by time:
     D:2: 770 daAuts
     D:4: 720 daAuts
     D:1: 552 daAuts
     D:3: 390 daAuts
  Temple: 60 daAuts
